 Dungeon Crawl Stone Soup version 0.30.1-9-gdf580d7c3d (webtiles) character file.

Game seed: 15109589604245153396

387 Ijustatesigmund the Digger (level 6, -4/35 HPs)
             Began as a Gargoyle Earth Elementalist on Oct 6, 2023.
             Slain by an ogre
             ... wielding a +0 giant club
              (18 damage)
             ... on level 5 of the Dungeon.
             The game lasted 00:08:12 (4074 turns).

Ijustatesigmund the Digger (GrEE)                   Turns: 4074, Time: 00:08:13

Health: -4/35      AC: 14    Str: 10    XL:     6   Next: 78%
Magic:  4/11       EV: 12    Int: 17    God:
Gold:   258        SH:  0    Dex: 11    Spells: 8/12 levels left

rFire   . . .        c - +1 flail
rCold   . . .        (no shield)
rNeg    + + +        a - +0 robe
rPois   ∞            (no helmet)
rElec   +            q - +2 ratskin cloak {*Rats rPois rN+ Str-1 Int-1 Dex+1}
rCorr   .            B - +0 pair of gloves
SInv    .            (no boots)
Will    .....        (no amulet)
Stlth   ++           j - ring of positive energy
HPRegen 0.25/turn    y - +4 ring of protection
MPRegen 0.12/turn

%: no passive effects
@: no status effects
A: sickness immunity, AC +4, negative energy resistance 1, electricity
resistance, torment resistance 1, petrification resistance
a: no special abilities


You were on level 5 of the Dungeon.
You visited 1 branch of the dungeon, and saw 5 of its levels.

You collected 258 gold pieces.

Inventory:

Hand Weapons
 c - a +1 flail (weapon)
Armour
 a - a +0 robe (worn)
 q - the +2 ratskin cloak (worn) {*Rats rPois rN+ Str-1 Int-1 Dex+1}
   (You found it on level 2 of the Dungeon)

   *Rats:     When the wearer is hurt, rats may emerge from it to assist them.
   Str:       It affects your strength (-1).
   Int:       It affects your intelligence (-1).
   Dex:       It affects your dexterity (+1).
   rPois:     It protects you from poison.
   rN:        It protects you from negative energy.
 B - a +0 pair of gloves (worn)
Jewellery
 j - a ring of positive energy (left hand)
 n - a ring of ice
 y - a +4 ring of protection (right hand)
 A - a ring of fire
Wands
 o - a wand of roots (8)
 v - a wand of flame (14)
 w - a wand of polymorph (2)
Scrolls
 d - a scroll of identify
 g - a scroll of vulnerability
 t - a scroll of summoning {unknown}
 u - 2 scrolls of magic mapping {unknown}
 x - a scroll of silence {unknown}
 z - 2 scrolls of teleportation {unknown}
 C - 3 scrolls of blinking {unknown}
Potions
 b - a potion of magic
 e - 2 potions of attraction
 f - 2 potions of lignification
 i - a potion of haste
 k - 3 potions of curing
 l - 3 potions of flight
 p - 2 potions of cancellation {unknown}
 r - a potion of invisibility {unknown}


   Skills:
 + Level 2.1 Fighting
 - Level 1.0 Maces & Flails
 - Level 1.5 Dodging
 - Level 2.1 Stealth
 + Level 3.6 Spellcasting
 + Level 3.0 Conjurations
 + Level 2.7 Transmutations
 + Level 4.6 Earth Magic


You had 8 spell levels left.
You knew the following spells:

 Your Spells              Type           Power      Damage    Failure   Level
a - Sandblast             Erth           36%        2d10      2%          1
b - Stone Arrow           Conj/Erth      32%        3d9       11%         3

Your spell library contained the following spells:

 Spells                   Type           Power      Damage    Failure   Level
 Magic Dart               Conj           52%        1d5       4%          1
 Passwall                 Tmut/Erth      12%        N/A       5%          2
 Sting                    Tmut/Pois      28%        1d4       10%         1
 Momentum Strike          Conj/Tloc      16%        3d8       13%         2
 Apportation              Tloc           6%         N/A       17%         1
 Necrotise                Necr           12%        1d4       17%         1
 Summon Small Mammal      Summ           12%        N/A       17%         1
 Blink                    Tloc           6%         N/A       26%         2
 Call Imp                 Summ           6%         N/A       26%         2
 Lesser Beckoning         Tloc           6%         N/A       26%         2
 Poisonous Vapours        Pois/Air       6%         N/A       26%         2
 Hailstorm                Conj/Ice       8%         3d4       26%         3
 Mephitic Cloud           Conj/Pois/Air  6%         N/A       32%         3
 Petrify                  Tmut/Erth      15%        N/A       34%         4
 Inner Flame              Hex/Fire       3%         N/A       45%         3
 Flame Wave               Conj/Fire      8%         2d5       65%         4
 Sticky Flame             Conj/Fire      8%         2d3       65%         4
 Ice Form                 Ice/Tmut       7%         N/A       67%         4
 Olgreb's Toxic Radiance  Pois           3%         N/A       86%         4
 Metabolic Englaciation   Hex/Ice        1%         N/A       99%         5
 Simulacrum               Ice/Necr       1%         N/A       100%        6
 Statue Form              Tmut/Erth      Unusable   N/A       N/A         6

Dungeon Overview and Level Annotations

Branches:
Dungeon (5/15)
 Temple: D:4-7

Altars:
Elyvilon
Ru

Shops:
D:4 [


Innate Abilities, Weirdness & Mutations

You are immune to sickness and miasma.
Your stone body is resilient. (AC +4)
You are immune to poison.
You resist negative energy. (rN+)
You are resistant to electric shocks. (rElec)
You are resistant to unholy torment.
You are immune to petrification.


Message History

The ogre is moderately wounded.
The ogre barely misses you.
Casting: Sandblast (safe; 2% risk of failure)
Confirm with . or Enter, or press ? or * to list all spells.
Aiming: Sandblast (safe; 2% risk of failure)
Press: ? - help, Shift-Dir - straight line, f/p - ogre
Aim: an ogre, wielding a +0 giant club (moderately wounded, 91% to hit)
The blast of sand misses the ogre.
The ogre closely misses you.
Casting: Sandblast (safe; 2% risk of failure)
Confirm with . or Enter, or press ? or * to list all spells.
Aiming: Sandblast (safe; 2% risk of failure)
Press: ? - help, Shift-Dir - straight line, f/p - ogre
Aim: an ogre, wielding a +0 giant club (moderately wounded, 91% to hit)
The blast of sand hits the ogre!
The ogre is heavily wounded.
The ogre hits you with a +0 giant club!!
Ouch! That really hurt!
A river rat scurries out from under your cloak.
Casting: Sandblast (safe; 2% risk of failure)
Confirm with . or Enter, or press ? or * to list all spells.
The spell is quite dangerous to miscast (11% risk of failure)!
Continue anyway? [Y]es or [N]o only, please.
The spell is quite dangerous to miscast (11% risk of failure)!
Continue anyway?
Aiming: Stone Arrow (quite dangerous; 11% risk of failure)
Press: ? - help, Shift-Dir - straight line, f/p - ogre
Aim: an ogre, wielding a +0 giant club (heavily wounded, ally target, 85% to hit)
The stone arrow hits the ogre.
The ogre is severely wounded.
You feel your willpower return.
Your river rat bites the ogre but does no damage.
Casting: Stone Arrow (quite dangerous; 11% risk of failure)
Confirm with . or Enter, or press ? or * to list all spells.
Aiming: Sandblast (safe; 2% risk of failure)
Press: ? - help, Shift-Dir - straight line, f/p - ogre
Aim: an ogre, wielding a +0 giant club (severely wounded, not watching you, ally target, 91% to hit)
The blast of sand hits the ogre.
The ogre is severely wounded.
The ogre hits you with a +0 giant club!!
Ouch! That really hurt!
You die...

#.#####.# #.#
##..# #.# #..##
#.# #.#
##.##.###.#####>#
#...............#
#.#######.#######
#.######..#
.....rO@.##
..########


You could see an ogre (ally target) and a friendly river rat.

Vanquished Creatures
  An ogre (D:4)
  A phantom (D:4)
  A hound (D:4)
  Jessica (D:2)
  An iguana (D:4)
  4 gnolls (D:4)
  An adder (D:4)
  2 worms
  3 dart slugs
  An orc (D:3)
  6 ball pythons
  6 bats
  3 endoplasms (D:1)
  A giant cockroach (D:1)
  A goblin (D:4)
  6 hobgoblins
  9 jackals
  4 kobolds
  4 quokkas
  2 frilled lizards
  2 rats (D:1)
60 creatures vanquished.

Vanquished Creatures (collateral kills)
  Ijyb (D:3)
1 creature vanquished.

Grand Total: 61 creatures vanquished

Notes
Turn   | Place    | Note
-------+----------+-------------------------------------------
     0 | D:1      | Ijustatesigmund the Gargoyle Earth Elementalist began the
                  | quest for the Orb.
     0 | D:1      | Reached XP level 1. HP: 10/10 MP: 3/3
   121 | D:1      | Reached skill level 1 in Transmutations
   121 | D:1      | Reached XP level 2. HP: 12/16 MP: 0/5
   542 | D:1      | Reached skill level 1 in Fighting
   719 | D:1      | Reached XP level 3. HP: 20/20 MP: 2/6
   753 | D:1      | Reached skill level 1 in Maces & Flails
   753 | D:1      | Reached skill level 4 in Earth Magic
   971 | D:2      | Learned a level 3 spell: Stone Arrow
  1052 | D:2      | Found a faded altar of an unknown god.
  1265 | D:2      | Noticed Jessica
  1268 | D:2      | Killed Jessica
  1269 | D:2      | Reached skill level 1 in Conjurations
  1269 | D:2      | Reached XP level 4. HP: 25/25 MP: 4/7
  1556 | D:2      | Found the +2 ratskin cloak {*Rats rPois rN+ Str-1 Int-1
                  | Dex+1}
  1563 | D:2      | Found a sacrificial altar of Ru.
  2211 | D:3      | Noticed Ijyb
  2223 | D:3      | Killed Ijyb
  2690 | D:3      | Found a white marble altar of Elyvilon.
  2864 | D:4      | Found Ruavon's Antique Armour Boutique.
  2882 | D:4      | Reached XP level 5. HP: 29/29 MP: 5/9
  3256 | D:4      | Noticed a phantom
  3262 | D:4      | Killed a phantom
  3263 | D:4      | Reached XP level 6. HP: 35/35 MP: 5/11
  4036 | D:5      | Entered Level 5 of the Dungeon
  4074 | D:5      | Slain by an ogre

Illustrated notes

Levels and vault maps discovered:
D:1:      dpeg_arrival_round_b, layout_rooms, minivault_27
D:2:      layout_basic, basic_altar, hellmonk_ecumenical_altar_lost_god,
          minmay_misc_feat_cross, uniq_jessica
D:3:      layout_basic, mainiacjoe_overflow_alcove_1, uniq_ijyb
D:4:      layout_gridville, serial_shops, nicolae_shop_tiny_waterfront
D:5:      layout_rooms, minmay_temple_entry_fiery,
          chequers_serial_rivers_small_b

Skill      XL: |  1  2  3  4  5  6 |
---------------+-------------------+-----
Transmutations | 1 2 |  2.7
Fighting       | 1 2 |  2.1
Maces & Flails | 1 |  1.0
Earth Magic    | 4 |  4.6
Conjurations   | 1 2 3 |  3.0
Spellcasting   | 3 |  3.6
Dodging        | |  1.5
Stealth        | |  2.1

Action                     |  1- 3 |  4- 6 || total
---------------------------+-------+-------++-------
  Melee: Whip              |    24 |       ||    24
         Mace              |    11 |     2 ||    13
         Flail             |       |     3 ||     3
   Cast: Sandblast         |    51 |    68 ||   119
         Stone Arrow       |       |     1 ||     1
    Use: Scroll            |       |     9 ||     9
 Armour: Robe              |    36 |     8 ||    44
  Dodge: Dodged            |    54 |    24 ||    78
